cohdb
Replays
Latest Replays
All Replays
Popular Replays
Top Player Replays
Match Explorer
How It Works
Community
CoH3 Stats
Reddit
Sign in to upload your games and track your stats! →
Sign in with Steam
Match 47093332
Unlisted
Match 47093332
Overview
Messages
Build Orders
End
Selects Special Operations Battlegroup
Selects M29 Weasel Recon Vehicle
Construct Weapon Support Center
M1919 Machine Gun Team
M29 Weasel Recon Vehicle
Bazooka Squad
M1919 Machine Gun Team
Infantry Support Center
Construct Medical Station
M3 Armored Personnel Carrier
Construct Motor Pool
M8 Greyhound Armored Car
Selects Raiding Flares
Engineer Squad
Selects SSF Commando Squad
SSF Commando Squad
Advanced Logistics
SSF Commando Squad
Improved M9 Bazooka Rockets
M1 Anti-tank Gun Team
M24 Chaffee Light Tank
Selects P-47 Anti-Infantry Loiter
P-47 Anti-Infantry Loiter
SSF Commando Squad
707
john c872
natynate
顶风射十米
DasSchwingding
参了金克拉的椰果
开摆
ionwood
0
0
Comments
sign in to comment!
No comments posted yet!